Map: Lost and Found LE

Players

Harstem

  • Race: Protoss Protoss
  • League: Master
  • Spawn Location: 7:00

Namshar - Winner!

  • Race: Zerg Zerg
  • League: Grandmaster
  • Spawn Location: 1:00

Event: HomeStory Cup XVII

VOD

Have the link to the VOD?

Description

Time

  • Played on: June 30, 2018, 6:56 a.m.
  • Length: 15:39

All games in this series

Show
View Real Time Build Order
Export as new Build Order

Harstem Protoss 

Build Orders: 1 Gate Expand, Oracle Opening, Archon Immortal, Zealot Archon 

Get SALT Encoding   

  12  0:01  Probe  
  13  0:13  Probe  
  14  0:18  Pylon  
  14  0:25  Probe  
  15  0:33  Probe  
  15  0:40  Gateway  
  15  0:41  Probe  
  17  0:52  Probe  
  18  1:04  Probe  
  19  1:05  Assimilator  
  19  1:16  Probe  
  20  1:23  Nexus  
  20  1:32  Cybernetics Core  
  20  1:34  Probe  
  21  1:40  Assimilator  
  21  1:46  Probe  
  22  1:50  Pylon  
  22  1:58  Probe  
  22  2:01  Adept  
  25  2:10  Probe  
  26  2:23  Probe, Stargate  
  29  2:31  Probe x2  
  29  2:35  Warp Gate  
  31  2:40  Probe x2  
  33  2:49  Probe  
  33  2:50  Probe  
  33  2:58  Oracle  
  35  3:01  Probe  
  35  3:02  Probe  
  37  3:12  Pylon  
  40  3:13  Probe  
  40  3:14  Probe  
  40  3:16  Adept  
  42  3:20  Gateway  
  42  3:25  Oracle, Probe  
  42  3:26  Probe  
  44  3:37  Probe  
  44  3:38  Probe  
  49  3:42  Assimilator  
  49  3:43  Adept  
  49  3:44  Assimilator  
  49  3:46  Pylon  
  51  3:48  Pylon  
  51  3:49  Probe  
  51  3:50  Probe  
  53  4:02  Probe  
  54  4:04  Probe  
  55  4:10  Nexus  
  55  4:13  Pylon  
  55  4:14  Probe  
  55  4:16  Probe  
  57  4:19  Forge  
  57  4:21  Twilight Council  
  57  4:26  Probe  
  57  4:29  Robotics Facility  
  58  4:37  Charge  
  59  4:38  Probe  
  59  4:39  Probe  
  59  4:45  Protoss Ground Weapons Level 1  
  60  4:46  Adept x2  
  60  4:50  Probe  
  60  4:51  Probe  
  66  4:54  Gateway  
  66  5:02  Probe  
  66  5:03  Probe  
  68  5:09  Sentry  
  68  5:10  Zealot  
  72  5:14  Probe  
  72  5:15  Probe  
  72  5:19  Immortal  
  70  5:27  Gateway, Probe x2  
  72  5:30  Templar Archives  
  72  5:33  Gateway, Zealot  
  78  5:37  Probe, Shield Battery  
  78  5:38  Sentry  
  78  5:39  Probe  
  82  5:46  Probe  
  82  5:49  Probe  
  84  5:52  Probe  
  84  5:56  Gateway  
  85  5:57  Pylon  
  85  5:58  Probe  
  85  5:59  Gateway  
  88  6:04  Probe  
  88  6:05  Immortal  
  88  6:07  High Templar x2  
  88  6:11  Probe  
  93  6:12  Pylon  
  93  6:14  Archon, Pylon  
  93  6:16  Zealot  
  93  6:17  Probe  
  99  6:21  Assimilator  
  99  6:24  Gateway, Probe  
  100  6:28  Assimilator  
  100  6:29  Pylon  
  100  6:31  Pylon  
  100  6:36  Zealot x3  
  106  6:42  Protoss Ground Weapons Level 2  
  106  6:43  Zealot  
  106  6:44  Probe  
  106  6:46  Pylon  
  109  6:52  Psionic Storm  
  109  6:56  Shield Battery  
  109  6:58  Zealot x2  
  109  6:59  Pylon  
  109  7:00  High Templar x2  
  117  7:01  Warp Prism  
  117  7:07  Photon Cannon  
  117  7:12  High Templar  
  121  7:25  Phoenix  
  121  7:27  High Templar  
  125  7:35  High Templar  
  127  7:39  Photon Cannon x2  
  127  7:40  Photon Cannon  
  127  7:42  Photon Cannon  
  127  7:43  Pylon  
  127  7:47  High Templar  
  129  7:53  Immortal, Pylon  
  129  7:54  Robotics Facility  
  129  7:55  Pylon  
  129  7:57  Pylon  
  129  8:01  Zealot  
  135  8:13  Zealot x2  
  135  8:16  Pylon  
  139  8:28  High Templar x2, Zealot x4  
  139  8:32  Immortal  
  139  8:33  Photon Cannon  
  151  8:34  Archon  
  151  8:36  Photon Cannon, Pylon  
  143  8:43  Immortal  
  147  8:54  Fleet Beacon  
  147  8:57  Protoss Ground Weapons Level 3  
  147  8:58  Probe  
  147  8:59  Stargate  
  148  9:03  Shield Battery  
  148  9:04  Shield Battery  
  148  9:05  Protoss Air Weapons Level 1  
  148  9:14  Nexus  
  148  9:16  Observer  
  149  9:17  Pylon  
  149  9:23  Probe  
  150  9:26  Probe  
  150  9:27  Probe  
  152  9:33  High Templar x2  
  152  9:35  Probe, Zealot x5  
  152  9:36  Zealot  
  152  9:38  Archon, Probe  
  169  9:39  Probe  
  169  9:59  Zealot x6  
  181  10:01  Tempest  
  181  10:03  Mothership  
  167  10:18  Tempest  
  171  10:24  Assimilator  
  171  10:29  Assimilator  
  171  10:31  Zealot x4  
  171  10:34  Photon Cannon  
  179  10:38  Tempest  
  179  10:45  Protoss Air Weapons Level 2  
  185  10:53  Zealot x6  
  195  11:08  Pylon  
  192  11:12  Photon Cannon  
  192  11:14  Photon Cannon  
  192  11:16  Photon Cannon  
  184  11:26  Immortal  
  184  11:27  Immortal  
  192  11:34  Protoss Shields Level 1  
  184  11:44  Tempest  
  180  11:52  Void Ray  
  166  11:55  Zealot x4  
  166  11:56  Zealot x3  
  179  12:12  High Templar  
  181  12:17  Zealot  
  183  12:22  Nexus  
  183  12:29  Void Ray, High Templar x4  
  191  12:30  High Templar x2  
  191  12:36  Archon x2  
  195  12:38  Archon  
  197  12:45  Void Ray, Pylon  
  197  12:48  Assimilator  
  185  12:53  Assimilator  
  189  13:09  Photon Cannon, Stargate  
  189  13:10  Photon Cannon  
  189  13:12  Void Ray  
  193  13:14  Photon Cannon  
  193  13:19  Photon Cannon x2  
  191  13:28  Void Ray  
  191  13:31  Zealot  
  191  13:32  Observer  
  198  13:38  Zealot x2  
  198  13:44  Zealot  
  175  14:03  Nexus  
  174  14:21  Void Ray  
  174  14:28  Void Ray  
  174  14:30  High Templar x2  
  174  14:31  High Templar x2  
  190  14:32  High Templar  
  190  14:37  Archon  
  190  14:38  Archon  
  139  15:16  High Templar x3  
  139  15:20  Zealot x3  
  127  15:21  Archon  
  127  15:25  Zealot x2  
Show
View Real Time Build Order
Export as new Build Order

Namshar Zerg - Winner!

Build Orders: Hatch First, Lurkers 

Get SALT Encoding   

  12  0:01  Drone  
  13  0:12  Overlord  
  13  0:16  Drone  
  14  0:30  Drone x2  
  14  0:34  Drone  
  17  0:52  Hatchery  
  17  0:54  Drone  
  17  0:57  Drone  
  18  1:08  Extractor  
  17  1:12  Spawning Pool  
  17  1:15  Drone  
  17  1:19  Drone  
  18  1:28  Drone  
  19  1:38  Drone  
  20  1:48  Overlord  
  20  1:59  Queen  
  22  2:03  Queen  
  22  2:04  Zergling x2  
  22  2:05  Drone  
  22  2:08  Metabolic Boost  
  26  2:10  Drone  
  26  2:14  Drone  
  28  2:22  Drone  
  29  2:25  Drone  
  30  2:32  Hatchery  
  30  2:36  Drone  
  30  2:38  Overlord  
  30  2:44  Zergling x2  
  30  2:46  Drone  
  30  2:49  Queen  
  34  2:56  Drone  
  35  2:59  Overlord  
  35  3:11  Drone x2  
  37  3:13  Drone x6  
  43  3:21  Drone  
  44  3:27  Queen  
  44  3:30  Drone  
  47  3:35  Spore Crawler, Drone  
  47  3:36  Lair  
  47  3:39  Spore Crawler  
  47  3:40  Drone  
  47  3:45  Extractor  
  47  3:48  Drone x5  
  51  3:53  Drone x3  
  54  4:00  Overlord  
  54  4:01  Drone  
  54  4:02  Drone x2  
  57  4:07  Extractor  
  57  4:09  Spore Crawler, Overlord  
  55  4:15  Drone x3  
  58  4:21  Queen  
  58  4:23  Drone  
  58  4:24  Overlord, Drone x2  
  63  4:30  Spore Crawler  
  62  4:37  Drone  
  62  4:38  Drone x2  
  65  4:40  Hydralisk Den, Extractor  
  65  4:41  Overlord  
  65  4:42  Overlord  
  63  4:47  Zergling x14  
  63  4:49  Drone  
  63  4:50  Drone  
  63  4:51  Drone  
  73  4:53  Drone  
  73  4:55  Drone  
  75  5:02  Overlord  
  75  5:03  Zergling x10  
  78  5:15  Drone  
  78  5:16  Drone  
  78  5:18  Drone x6  
  78  5:21  Grooved Spines  
  85  5:35  Drone x2  
  87  5:36  Evolution Chamber  
  87  5:38  Lurker Den, Extractor x2  
  83  5:46  Drone x5  
  83  5:47  Drone x2  
  89  5:52  Drone x2  
  89  5:54  Hatchery  
  88  6:06  Drone  
  88  6:07  Overlord x3, Drone  
  90  6:12  Pneumatized Carapace  
  90  6:13  Zerg Missile Weapons Level 1  
  90  6:14  Overlord x3  
  90  6:15  Overseer  
  90  6:16  Hydralisk x2  
  94  6:23  Hydralisk  
  94  6:24  Hydralisk x3  
  102  6:32  Muscular Augments, Extractor  
  101  6:35  Extractor  
  101  6:36  Hydralisk x5  
  110  6:42  Overlord  
  110  6:55  Drone  
  110  6:56  Drone x5  
  114  7:05  Drone x5  
  114  7:06  Hydralisk  
  114  7:07  Hydralisk x5  
  129  7:11  Hydralisk  
  131  7:18  Hydralisk x2  
  131  7:21  Hydralisk x2  
  139  7:32  Overlord x2  
  139  7:35  Spore Crawler  
  137  7:38  Drone  
  137  7:39  Drone x2  
  137  7:40  Evolution Chamber  
  137  7:43  Infestation Pit  
  138  7:50  Hatchery  
  138  7:51  Overlord  
  137  7:53  Drone x3  
  137  7:55  Drone  
  137  7:56  Spine Crawler, Drone  
  137  7:57  Spine Crawler, Lurker x2  
  137  7:58  Lurker x5  
  145  7:59  Lurker  
  145  8:00  Hydralisk  
  145  8:01  Extractor  
  145  8:04  Extractor  
  148  8:06  Hydralisk x3  
  154  8:13  Zerg Missile Weapons Level 2  
  154  8:14  Zerg Ground Armor Level 1  
  151  8:35  Hydralisk x6  
  151  8:38  Drone x6  
  151  8:39  Overlord x2  
  151  8:40  Queen  
  169  8:42  Hive  
  169  8:45  Spire, Drone  
  169  9:02  Drone  
  170  9:03  Drone x2  
  170  9:04  Spine Crawler x2  
  170  9:06  Drone  
  170  9:08  Hydralisk x4  
  179  9:12  Spine Crawler  
  179  9:14  Spore Crawler, Spine Crawler  
  179  9:16  Spine Crawler  
  175  9:26  Lurker  
  175  9:27  Lurker x4  
  180  9:33  Hydralisk x3  
  180  9:34  Hydralisk x2  
  180  9:36  Lurker x2  
  180  9:37  Lurker x2  
  191  10:10  Hydralisk x4  
  193  10:15  Adaptive Talons  
  193  10:16  Zerg Ground Armor Level 2  
  193  10:17  Greater Spire  
  188  10:33  Lurker x4  
  192  10:39  Hydralisk x3  
  192  10:40  Zergling x2  
  199  11:08  Zerg Missile Weapons Level 3  
  189  11:26  Drone x2  
  189  11:28  Spine Crawler  
  189  11:30  Spine Crawler x2  
  187  11:33  Corruptor x6  
  185  11:54  Overlord x3  
  185  11:55  Overlord  
  185  11:56  Drone  
  185  11:57  Zerg Flyer Weapons Level 1  
  185  11:58  Spire  
  179  12:15  Corruptor  
  179  12:16  Corruptor x9  
  199  12:26  Hatchery  
  199  12:27  Spine Crawler x2  
  196  12:33  Hatchery  
  184  12:54  Overseer x2  
  184  12:55  Overseer x2  
  184  12:57  Zerg Ground Armor Level 3  
  178  13:05  Overseer  
  178  13:06  Overseer x2  
  178  13:10  Lurker x3  
  178  13:11  Spine Crawler, Lurker  
  178  13:12  Spore Crawler, Lurker  
  181  13:13  Spine Crawler  
  181  13:14  Spine Crawler  
  181  13:17  Hydralisk x8  
  195  13:21  Zerg Flyer Armor Level 1  
  168  13:56  Hydralisk x10  
  168  13:57  Hydralisk x4  
  184  14:12  Lurker x7  
  184  14:13  Lurker x2  
  184  14:14  Lurker  
  184  14:15  Lurker  
  195  14:27  Corruptor  
  195  14:28  Corruptor x7  
  195  14:30  Zergling x2  
  190  15:06  Overseer  
  183  15:11  Hydralisk  
  183  15:12  Hydralisk x11  
Tags
 
Add a new tag
Caveats
  • Supply blocks, unpowered buildings, or Contaminate may cause inaccurate times.
  • Supply counts are checked every 10 seconds.